[Event "Titled Tuesday Blitz February 22 Late 2022"]
[White "Ibarra Jerez, Jose Carlos"]
[Black "Carlsson, Ludvig"]
[WhiteFideId "2226332"]
[BlackFideId "1727010"]
[WhiteElo "2626"]
[BlackElo "2178"]
[Result "0-1"]
[Round "11"]
[TimeControl "180+1"]
[Date "2022.02.22"]
[WhiteClock "0:00:04"]
[BlackClock "0:00:06"]

1. e4 e5 2. Nf3 Nf6 3. Nxe5 d6 4. Nc4 Nxe4 5. Qe2 Qe7 6. Ne3 Nc6 7. Nd5 Nd4 8. Nxe7 Nxe2 9. Nd5 Nd4 10. Na3 Kd8 11. f3 Nf6 12. Nxf6 gxf6 13. c3 Ne6 14. d4 d5 15. Nc2 Bd6 16. g3 h5 17. Ne3 c6 18. Nf5 Bc7 19. Bd3 Ng5 20. Kf2 Bxf5 21. Bxf5 Ke7 22. h4 Ne6 23. Bd2 Rae8 24. f4 Ng7 25. Bd3 f5 26. a4 Kf6 27. a5 a6 28. b3 Re6 29. c4 Ne8 30. Rhc1 Bd8 31. cxd5 cxd5 32. Rc5 Rd6 33. Re1 b6 34. Rc8 bxa5 35. Re5 Ng7 36. Ra8 Re8 37. Bxa6 Ree6 38. Bd3 Bb6 39. Be3 Rc6 40. Rxd5 Rc3 41. Ke2 Rxb3 42. Re5 Rd6 43. d5 Bxe3 44. Kxe3 Ra3 45. Rh8 Ne6 46. Rh6+ Kg7 47. Rxh5 Nc5 48. Rg5+ Kf8 49. Kd4 Nxd3 50. Rexf5 Nb4 51. Kc5 Rd8 52. h5 Rc3+ 53. Kb5 Rd3 54. Kc4 Rd1 55. h6 Rc1+ 56. Kb5 Rh1 57. Rg7 Rxh6 58. Rfxf7+ Ke8 59. Re7+ Kf8 60. Ref7+ Ke8 61. Kc4 Rxd5 62. Ra7 Rc6+ 63. Kb3 Kf8 64. Ka4 Rc4 65. Rgf7+ Ke8 66. Rh7 Nc6+ 67. Kb3 Nxa7 68. Kxc4 Rd7 69. Rh5 Rc7+ 70. Kb3 Rg7 71. Rxa5 Rxg3+ 72. Kc4 Rg7 73. Re5+ Kf8 74. Rh5 Nc6 75. Kc5 Ne7 76. Kd6 Kf7 77. Re5 Ng8 78. Rf5+ Ke8 79. Re5+ Kd8 80. Ra5 Rg6+ 81. Ke5 Ne7 82. Ra8+ Kd7 83. Ra7+ Ke8 84. f5 Rb6 85. f6 Nc6+ 86. Kd6 Nxa7+ 87. Kc7 Rxf6 88. Kb7 Rc6 89. Ka8 Rc1 90. Kb7 Rb1+ 91. Ka8 Kd7 0-1


[Site "https://www.chess.com"]

[Event "Titled Tuesday Blitz February 22 Late 2022"]
[White "Iskusnyh, Sergei"]
[Black "Avramidou, Anastasia"]
[WhiteFideId "4120027"]
[BlackFideId "4239873"]
[WhiteElo "2492"]
[BlackElo "2183"]
[Result "1-0"]
[Round "11"]
[TimeControl "180+1"]
[Date "2022.02.22"]
[WhiteClock "0:00:06"]
[BlackClock "0:00:03"]

1. d4 Nf6 2. c4 g6 3. g3 Bg7 4. Bg2 O-O 5. Nc3 c5 6. dxc5 Na6 7. Nf3 Nxc5 8. O-O b6 9. Bg5 Bb7 10. Rc1 Rc8 11. b3 h6 12. Be3 Qc7 13. Bd4 Qb8 14. Ne1 Bxg2 15. Nxg2 Rfd8 16. Bxf6 Bxf6 17. Nd5 Qe5 18. Ngf4 Bg7 19. Rc3 Bf8 20. Re3 Qd6 21. Qa1 Ne6 22. Rd1 Qc5 23. a4 Nxf4 24. Nxf4 e6 25. Red3 Bg7 26. Qb1 d6 27. e3 a6 28. Ne2 Rb8 29. Nd4 Bxd4 30. Rxd4 b5 31. cxb5 axb5 32. b4 Qc6 33. a5 d5 34. e4 Rbc8 35. exd5 Rxd5 36. Rxd5 exd5 37. Qd3 Qc4 38. Qd4 h5 39. h4 Re8 40. Kg2 Qa2 41. Qxd5 Qa4 42. Qd4 Re2 43. Rd2 Re1 44. Qd8+ Kh7 45. Qf6 Qa2 46. Rd8 Re8 47. Rxe8 Qd5+ 48. Kh2 Qd4 49. Rh8# 1-0


[Site "https://www.chess.com"]

[Event "Titled Tuesday Blitz February 22 Late 2022"]
[White "Jaferian, Koosha"]
[Black "Myers, Dominique"]
[WhiteFideId "12507440"]
[BlackFideId "2041715"]
[WhiteElo "2027"]
[BlackElo "1986"]
[Result "0-1"]
[Round "11"]
[TimeControl "180+1"]
[Date "2022.02.23"]
[WhiteClock "0:00:59"]
[BlackClock "0:00:24"]

1. e4 e5 2. Nf3 Nc6 3. d4 exd4 4. Nxd4 Qh4 5. Nc3 Bb4 6. Nb5 Nf6 7. Nxc7+ Kd8 8. Nxa8 Nxe4 9. Qf3 Re8 10. Be2 Nxc3 11. bxc3 Nd4 12. Qg3 Rxe2+ 13. Kf1 Qxg3 14. hxg3 Bxc3 15. Bg5+ f6 16. Be3 Bxa1 17. Bxd4 Rxc2 18. Be3 h6 19. Rh4 b6 20. Ra4 Bb7 21. Rxa7 Bc6 22. Nxb6 g5 23. Kg1 Ke7 24. a4 h5 25. Kh2 Be5 26. Ra5 h4 27. Bxg5 hxg3+ 28. fxg3 Rxg2+ 29. Kh1 Rxg3+ 30. Nd5+ Bxd5+ 31. Rxd5 Rxg5 32. a5 Rh5+ 33. Kg2 Rh2+ 34. Kg1 Ra2 35. Rb5 Ke6 36. Rb6+ d6 37. a6 Bd4+ 0-1


[Site "https://www.chess.com"]

[Event "Titled Tuesday Blitz February 22 Late 2022"]
[White "Janaszak, Dawid"]
[Black "Romero Ruscalleda, Josep"]
[WhiteFideId "1119206"]
[BlackFideId "2231859"]
[WhiteElo "2199"]
[BlackElo "2389"]
[Result "0-1"]
[Round "11"]
[TimeControl "180+1"]
[Date "2022.02.23"]
[WhiteClock "0:00:43"]
[BlackClock "0:01:36"]

1. d4 g6 2. Nc3 Bg7 3. Bf4 d6 4. Qd2 Nc6 5. d5 Ne5 6. e4 c6 7. Nf3 Nxf3+ 8. gxf3 cxd5 9. exd5 Qa5 10. Bb5+ Bd7 11. Bxd7+ Kxd7 12. O-O Bxc3 13. bxc3 Nf6 14. Rab1 b6 15. Rfd1 Rac8 16. Rb4 Rc5 17. c4 Rhc8 18. Qe1 Rxc4 19. Bd2 Qxd5 20. Rxc4 Rxc4 21. Be3 Qxf3 22. Rd3 Rg4+ 0-1


[Site "https://www.chess.com"]

[Event "Titled Tuesday Blitz February 22 Late 2022"]
[White "Jarocka, Liwia"]
[Black "Escudero Donoso, Felipe"]
[WhiteFideId "21807558"]
[BlackFideId "3410595"]
[WhiteElo "1896"]
[BlackElo "2184"]
[Result "0-1"]
[Round "11"]
[TimeControl "180+1"]
[Date "2022.02.23"]
[WhiteClock "0:00:36"]
[BlackClock "0:00:33"]

1. d4 Nf6 2. Bf4 d5 3. e3 c5 4. Nd2 Nc6 5. c3 Bf5 6. h3 e6 7. Bb5 Be7 8. Ngf3 h6 9. O-O O-O 10. Bxc6 bxc6 11. Ne5 Qb6 12. dxc5 Bxc5 13. Nb3 Be7 14. Rc1 Bh7 15. c4 Rfd8 16. c5 Qa6 17. Nd4 Rdc8 18. a3 Qb7 19. b4 a5 20. Qb3 axb4 21. axb4 Ne4 22. Rfd1 f6 23. Nxe6 fxe5 24. Bxe5 Bf6 25. Bxf6 Nxf6 26. Nf4 Rab8 27. Rd4 Re8 28. Qa4 Qb5 29. Qa7 Rb7 30. Qa2 Kh8 31. Ra1 Ne4 32. Qa3 g5 33. Nh5 Bg6 34. Nf6 Nxf6 0-1


[Site "https://www.chess.com"]

[Event "Titled Tuesday Blitz February 22 Late 2022"]
[White "Jobava, Baadur"]
[Black "Indjic, Aleksandar"]
[WhiteFideId "13601520"]
[BlackFideId "911925"]
[WhiteElo "2617"]
[BlackElo "2616"]
[Result "1-0"]
[Round "11"]
[TimeControl "180+1"]
[Date "2022.02.22"]
[WhiteClock "0:00:29"]
[BlackClock "0:00:05"]

1. b3 d5 2. Bb2 Nf6 3. e3 Bf5 4. Nf3 h6 5. Bd3 Bxd3 6. cxd3 e6 7. O-O Nbd7 8. Qe2 Be7 9. Rc1 O-O 10. d4 a5 11. Nc3 c6 12. d3 Re8 13. h3 Bd6 14. Qd1 Qb8 15. Na4 Be7 16. Ne5 Nxe5 17. dxe5 Nd7 18. d4 f6 19. exf6 Nxf6 20. Nc5 Bd6 21. Nd3 Qc7 22. a4 Qe7 23. Bc3 Ne4 24. Be1 e5 25. dxe5 Bxe5 26. Nxe5 Qxe5 27. Ra2 Re6 28. f3 Nd6 29. Bf2 Rae8 30. Qd2 Qg5 31. Re1 Rg6 32. g4 h5 33. Bg3 hxg4 34. hxg4 Ne4 35. fxe4 Qxg4 36. Qh2 Qxg3+ 37. Qxg3 Rxg3+ 38. Kf2 Rh3 39. Kg2 Rh5 40. exd5 Rxd5 41. Rb2 Re4 42. Kf3 Rb4 43. Rg1 Rd3 44. Rbg2 Rd7 45. Rb1 Re7 46. Ke2 Rd7 47. Rg5 b5 48. axb5 cxb5 49. Ra1 Ra7 50. Ra3 Kf7 51. Rc5 Kg6 52. Kd3 Kh6 53. Kc3 g5 54. Rxa5 Rxb3+ 55. Kxb3 Rxa5 56. Kb4 Ra4+ 57. Kxb5 Re4 58. Rc3 g4 59. Kc5 g3 60. Kd5 g2 61. Kxe4 g1=Q 62. Rc5 Kg6 63. Rd5 Kf6 64. Rd4 Qg2+ 65. Kd3 Ke5 66. Rf4 Qd5+ 67. Rd4 Qg2 68. Rf4 Qb2 69. Rd4 Qb1+ 70. Kd2 Qf1 71. Rf4 Qb5 72. Rd4 Qb2+ 73. Ke1 Kf5 74. Kf1 Ke6 75. Ke1 Ke5 76. Kf1 Qc2 77. Ke1 Kf5 78. Rf4+ Ke6 79. Rd4 Ke5 80. Kf1 Qh2 81. Ke1 Qg3+ 82. Kd2 Qf2+ 83. Kd3 Qf1+ 84. Kd2 Qf2+ 85. Kd3 1-0


[Site "https://www.chess.com"]

[Event "Titled Tuesday Blitz February 22 Late 2022"]
[White "Jones, Gawain C B"]
[Black "Naroditsky, Daniel"]
[WhiteFideId "409561"]
[BlackFideId "2026961"]
[WhiteElo "2657"]
[BlackElo "2608"]
[Result "1/2-1/2"]
[Round "11"]
[TimeControl "180+1"]
[Date "2022.02.22"]
[WhiteClock "0:01:30"]
[BlackClock "0:01:52"]

1. Nf3 Nf6 2. g3 g6 3. b3 Bg7 4. Bb2 O-O 5. Bg2 d6 6. d4 c5 7. c4 cxd4 8. Nxd4 d5 9. cxd5 Nxd5 10. O-O Nb4 11. Na3 N8c6 12. Nxc6 Nxc6 13. Bxg7 Kxg7 14. Bxc6 bxc6 15. Qc2 Qd6 16. Nc4 Qf6 17. Na5 Bh3 18. Rfd1 Rac8 19. Rac1 c5 20. Nc4 Rfd8 21. Rxd8 Rxd8 22. Rd1 Rxd1+ 23. Qxd1 Qc3 24. f3 1/2-1/2


[Site "https://www.chess.com"]

[Event "Titled Tuesday Blitz February 22 Late 2022"]
[White "Kopczynski, Michal"]
[Black "Golubenko, Valentina"]
[WhiteFideId "1124200"]
[BlackFideId "4501993"]
[WhiteElo "2235"]
[BlackElo "2164"]
[Result "1-0"]
[Round "11"]
[TimeControl "180+1"]
[Date "2022.02.23"]
[WhiteClock "0:01:21"]
[BlackClock "0:00:03"]

1. e4 e6 2. d4 d5 3. Nc3 Nf6 4. e5 Nfd7 5. f4 c5 6. dxc5 Bxc5 7. Nf3 Nc6 8. Bd3 h6 9. Qe2 O-O 10. Bd2 a6 11. O-O-O b5 12. f5 exf5 13. Bxf5 Re8 14. Bf4 d4 15. Ne4 Ba7 16. Nd6 Re7 17. Qe4 Bb7 18. Nxb7 Qb6 19. Nd6 Qa5 20. Kb1 Qb6 21. Nxd4 Nxd4 22. Qxa8+ Nf8 23. Nc8 Qc5 24. Nxe7+ Qxe7 25. Be4 Qc5 26. Be3 Qxe5 27. Bxd4 Bxd4 28. Rhe1 Qf6 29. c3 Bc5 30. Bc2 1-0


[Site "https://www.chess.com"]

[Event "Titled Tuesday Blitz February 22 Late 2022"]
[White "Kosakowski, Jakub"]
[Black "Csonka, Balazs"]
[WhiteFideId "1185080"]
[BlackFideId "742910"]
[WhiteElo "2476"]
[BlackElo "2404"]
[Result "1/2-1/2"]
[Round "11"]
[TimeControl "180+1"]
[Date "2022.02.22"]
[WhiteClock "0:02:19"]
[BlackClock "0:01:45"]

1. d4 Nf6 2. Nf3 d5 3. c4 e6 4. g3 dxc4 5. Bg2 c5 6. O-O Nc6 7. Qa4 Bd7 8. Qxc4 cxd4 9. Nxd4 Rc8 10. Nc3 Nxd4 11. Qxd4 Bc5 12. Qh4 h6 13. Bg5 O-O 14. Bxf6 Qxf6 15. Qxf6 gxf6 16. Rad1 Rc7 17. Rd3 Rfc8 18. Rfd1 Be8 1/2-1/2


[Site "https://www.chess.com"]

[Event "Titled Tuesday Blitz February 22 Late 2022"]
[White "Lehtosaari, Mauri"]
[Black "Tregubov, Pavel V."]
[WhiteFideId "501999"]
[BlackFideId "4115341"]
[WhiteElo "2456"]
[BlackElo "2341"]
[Result "0-1"]
[Round "11"]
[TimeControl "180+1"]
[Date "2022.02.23"]
[WhiteClock "0:00:03"]
[BlackClock "0:00:18"]

1. d4 Nf6 2. Nf3 d5 3. Bg5 Ne4 4. Bf4 c5 5. e3 Nc6 6. c3 Qb6 7. Qb3 c4 8. Qxb6 axb6 9. Nfd2 Nxd2 10. Nxd2 b5 11. e4 e6 12. Be2 b4 13. Bf3 bxc3 14. bxc3 Ba3 15. Rb1 Ne7 16. O-O O-O 17. Rb5 Bd7 18. Rxb7 Bc6 19. Rb6 Rfc8 20. h3 dxe4 21. Rxc6 Rxc6 22. Bxe4 Nd5 23. Rb1 Be7 24. Bxd5 exd5 25. Rb7 Bd6 26. Bxd6 Rxd6 27. Nf3 f6 28. Nh4 g6 29. g4 Rxa2 30. Rb8+ Kg7 31. Rb7+ Kh6 32. f4 Re6 33. Kf1 Re3 34. f5 Rxh3 0-1


[Site "https://www.chess.com"]

[Event "Titled Tuesday Blitz February 22 Late 2022"]
[White "Leitao, Rafael"]
[Black "Vusatiuk, Vladimir"]
[WhiteFideId "2101246"]
[BlackFideId "14118610"]
[WhiteElo "2609"]
[BlackElo "2157"]
[Result "0-1"]
[Round "11"]
[TimeControl "180+1"]
[Date "2022.02.23"]
[WhiteClock "0:00:10"]
[BlackClock "0:00:04"]

1. c4 Nf6 2. Nc3 e6 3. e4 d5 4. e5 d4 5. exf6 dxc3 6. bxc3 Qxf6 7. Nf3 b6 8. d4 h6 9. Bd3 Bb7 10. O-O Bd6 11. Nd2 Qe7 12. Qh5 Nd7 13. Ne4 Nf6 14. Nxf6+ Qxf6 15. Rb1 c5 16. Be3 Rc8 17. a4 Ba6 18. a5 cxd4 19. cxd4 g6 20. Qe2 bxa5 21. c5 Bxd3 22. Qxd3 Bc7 23. Qb5+ Kf8 24. Qb7 Kg7 25. d5 exd5 26. Rfd1 Rhd8 27. Qxa7 d4 28. Bd2 Qe5 29. g3 Ra8 30. Qb7 Rdb8 31. Qf3 Rxb1 32. Rxb1 Rd8 33. Rc1 d3 34. Qe3 Qxe3 35. fxe3 a4 36. Kf2 Be5 37. Rc4 Ra8 38. Bc3 Bxc3 39. Rxc3 a3 40. Rc1 a2 41. Ra1 Kf6 42. e4 Ke5 43. Ke3 Ra3 44. h3 h5 45. h4 f6 46. Kd2 Kd4 47. c6 Ra7 48. c7 Rxc7 49. Rxa2 Rc2+ 0-1


[Site "https://www.chess.com"]

[Event "Titled Tuesday Blitz February 22 Late 2022"]
[White "Levine, Joseph"]
[Black "Kostiukov, Alexandr"]
[WhiteFideId "30940346"]
[BlackFideId "14108100"]
[WhiteElo "1802"]
[BlackElo "2202"]
[Result "1-0"]
[Round "11"]
[TimeControl "180+1"]
[Date "2022.02.23"]
[WhiteClock "0:00:04"]
[BlackClock "0:00:03"]

1. e4 c5 2. Nf3 g6 3. d4 cxd4 4. Nxd4 Bg7 5. Be3 Nc6 6. Nc3 Nf6 7. Bc4 O-O 8. Bb3 a5 9. O-O a4 10. Nxa4 Nxe4 11. Nb5 d5 12. Nb6 Ra5 13. Bxd5 Rxb5 14. Bxe4 Rxb2 15. Qxd8 Rxd8 16. Nxc8 Rxc8 17. Rab1 Ra8 18. Bd5 Nb4 19. Bxb7 Raxa2 20. Be4 f5 21. Bd3 Nxd3 22. cxd3 Bf6 23. Rxb2 Rxb2 24. Rd1 g5 25. g3 Kf7 26. Kg2 h5 27. h3 e5 28. Kf3 g4+ 29. hxg4 hxg4+ 30. Kg2 Rb4 31. Ra1 f4 32. Ra7+ Kg6 33. gxf4 exf4 34. Bd2 Rb5 35. Ra4 f3+ 36. Kg3 Kf5 37. Rxg4 Be5+ 38. Kxf3 Rb3 39. Re4 Rxd3+ 40. Be3 Bf6 41. Ra4 Rd1 42. Ra5+ Ke6 43. Ke4 Be7 44. f4 Re1 45. Ra6+ Kd7 46. Kf3 Rf1+ 47. Ke2 Rh1 48. Kd3 Bd6 49. Ra2 Rh3 50. Ke4 Rh4 51. Re2 Bxf4 52. Bxf4 Kc6 53. Rd2 Kb5 54. Rd4 Rh5 55. Kd3 Rh3+ 56. Be3 Rh5 57. Rc4 Rd5+ 58. Bd4 Rh5 59. Rc1 Rh3+ 60. Be3 Rh5 61. Rb1+ Kc6 62. Rb6+ Kd7 63. Ra6 Rd5+ 64. Kc4 Rd1 65. Bd4 Rc1+ 66. Kd5 Rb1 67. Ra7+ Ke8 68. Ke6 Re1+ 69. Be5 Kd8 70. Ra8# 1-0


[Site "https://www.chess.com"]

[Event "Titled Tuesday Blitz February 22 Late 2022"]
[White "Lewtak, Damian"]
[Black "Kukhmazov, Arsen"]
[WhiteFideId "1141724"]
[BlackFideId "24108260"]
[WhiteElo "2361"]
[BlackElo "2487"]
[Result "0-1"]
[Round "11"]
[TimeControl "180+1"]
[Date "2022.02.22"]
[WhiteClock "0:00:12"]
[BlackClock "0:00:51"]

1. e4 c6 2. Nf3 d5 3. d3 g6 4. Be2 Bg7 5. O-O e5 6. d4 exd4 7. exd5 Qxd5 8. Re1 Ne7 9. Bg5 Be6 10. Nbd2 Qd7 11. Bc4 O-O 12. Bxe6 fxe6 13. Qe2 Nf5 14. Qxe6+ Qxe6 15. Rxe6 Na6 16. g4 Nh6 17. h3 Rae8 18. Rae1 Rxe6 19. Rxe6 Nf7 20. Re7 Nxg5 21. Nxg5 Bf6 22. Rxb7 Bxg5 23. Ne4 Bh4 24. g5 Rf4 25. Nf6+ Kf8 26. Nxh7+ Ke8 27. Nf6+ Kd8 28. Ng4 Rf5 29. Rxa7 Nb4 30. c3 dxc3 31. bxc3 Nd3 32. Ra6 Kc7 33. Ra7+ Kb6 34. Rd7 Nxf2 35. Ne3 Rxg5+ 36. Kf1 Ne4 37. Nc4+ Kc5 38. Ne5 Rxe5 0-1


[Site "https://www.chess.com"]

[Event "Titled Tuesday Blitz February 22 Late 2022"]
[White "Liang, Jason"]
[Black "Bodnar, Nikolay"]
[WhiteFideId "30940303"]
[BlackFideId "14106469"]
[WhiteElo "1976"]
[BlackElo "2296"]
[Result "1/2-1/2"]
[Round "11"]
[TimeControl "180+1"]
[Date "2022.02.22"]
[WhiteClock "0:00:02"]
[BlackClock "0:00:22"]

1. c3 e5 2. d3 d5 3. d4 e4 4. Bf4 Nf6 5. e3 Be7 6. c4 O-O 7. Nc3 Be6 8. cxd5 Nxd5 9. Nxd5 Qxd5 10. Ne2 Bb4+ 11. Nc3 Qa5 12. Qc1 Nc6 13. a3 Bxc3+ 14. Qxc3 Qxc3+ 15. bxc3 Na5 16. Rb1 b6 17. Ba6 Bc4 18. Bxc4 Nxc4 19. Bxc7 Rfc8 20. Bf4 Nxa3 21. Rb3 Nc4 22. Ke2 a6 23. f3 f5 24. fxe4 fxe4 25. Rf1 Rf8 26. Rd1 Kf7 27. d5 b5 28. Rd4 Rfe8 29. d6 Rad8 30. d7 Re7 31. Bg5 Rdxd7 32. Bxe7 Rxe7 33. Rb1 Kf6 34. Rf1+ Ke5 35. Rf8 a5 36. Rb8 Nd6 37. Rb6 Re6 38. Ra6 a4 39. Rb4 Kd5 40. h3 Kc5 41. Rd4 Rf6 42. g4 h6 43. h4 Nc4 44. Rxf6 gxf6 45. Rd8 Kb6 46. Rf8 a3 47. Rxf6+ Ka5 48. Rf1 Ka4 49. g5 hxg5 50. hxg5 Ne5 51. Kd2 Kb3 52. Rb1+ Kc4 53. Kc2 Ng4 54. Rb4+ Kd5 55. Kb3 Nxe3 56. Rxb5+ Ke6 57. Kxa3 Nd5 58. Kb3 e3 59. Kc2 e2 60. Kd2 Nxc3 61. Rb6+ Kf7 62. g6+ Kg7 63. Ke1 Nd5 64. Rd6 Nf4 65. Kf2 Nxg6 66. Kxe2 Kf7 67. Ke3 Ne7 68. Ke4 Ng6 69. Kf5 Ne7+ 70. Ke5 Ng6+ 71. Kf5 Ne7+ 72. Kg5 Ng8 73. Rd7+ Ke6 74. Rg7 Ne7 75. Rh7 Nd5 76. Rh6+ Ke5 77. Rh1 Ne3 78. Re1 Ke4 79. Re2 Kf3 80. Ra2 Ke4 81. Ra3 Kf3 82. Rb3 Ke4 83. Kf6 Nd5+ 84. Ke6 Ne3 85. Kd6 Kd4 86. Rb4+ Kd3 87. Ke5 Nc4+ 88. Kd5 Ne3+ 89. Kc5 Kc3 90. Rd4 Nc2 91. Rc4+ Kd3 92. Ra4 Ne3 93. Ra3+ Ke4 94. Kb4 Nc2+ 95. Kb3 Nxa3 1/2-1/2


[Site "https://www.chess.com"]

[Event "Titled Tuesday Blitz February 22 Late 2022"]
[White "Maltsevskaya, Aleksandra"]
[Black "Dreev, Aleksey"]
[WhiteFideId "24174041"]
[BlackFideId "4100107"]
[WhiteElo "2283"]
[BlackElo "2636"]
[Result "0-1"]
[Round "11"]
[TimeControl "180+1"]
[Date "2022.02.22"]
[WhiteClock "0:00:01"]
[BlackClock "0:00:15"]

1. e4 c5 2. Nf3 Nf6 3. Nc3 d5 4. exd5 Nxd5 5. d4 Nc6 6. Bb5 e6 7. O-O a6 8. Bc4 cxd4 9. Nxd5 exd5 10. Bb3 Be7 11. Nxd4 O-O 12. Be3 Bf6 13. c3 Ne5 14. h3 Nc4 15. Bxc4 dxc4 16. Qf3 Qb6 17. Rab1 Bd7 18. Rfd1 Rad8 19. Nf5 Qc6 20. Qxc6 Bxc6 21. Bd4 Be4 22. Bxf6 gxf6 23. Ne7+ Kg7 24. Rxd8 Rxd8 25. Re1 Bg6 26. Nxg6 hxg6 27. Re2 f5 28. g3 Kf6 29. Kg2 Rd3 30. h4 b5 31. a3 a5 32. Rc2 f4 33. gxf4 Kf5 34. Re2 f6 35. Rc2 Kxf4 36. Re2 Kf5 37. Rc2 Kg4 38. Re2 Kxh4 39. Re6 Kg5 40. a4 b4 41. Rc6 bxc3 42. bxc3 Rxc3 43. Rc5+ Kf4 44. Rxa5 Ra3 45. Ra6 f5 46. a5 Ke4 47. Rxg6 Rxa5 48. Rc6 Kd5 49. Rc8 Rc5 50. Rd8+ Ke4 51. Rd1 c3 0-1


[Site "https://www.chess.com"]

[Event "Titled Tuesday Blitz February 22 Late 2022"]
[White "Martin Barcelo, Carles"]
[Black "Karttunen, Mika"]
[WhiteFideId "24561444"]
[BlackFideId "502081"]
[WhiteElo "1875"]
[BlackElo "2343"]
[Result "0-1"]
[Round "11"]
[TimeControl "180+1"]
[Date "2022.02.23"]
[WhiteClock "0:01:38"]
[BlackClock "0:00:36"]

1. e4 c5 2. Nf3 Nc6 3. Bb5 g6 4. Bxc6 dxc6 5. d3 Bg7 6. h3 e5 7. Be3 b6 8. a4 a5 9. Na3 Ba6 10. Nd2 Nf6 11. O-O Nd7 12. Nac4 O-O 13. f4 exf4 14. Bxf4 b5 15. axb5 cxb5 16. Nxa5 Bxb2 17. Rb1 Bd4+ 18. Kh1 Qxa5 19. Qf3 Be5 20. Bh6 Bg7 21. Bf4 Ne5 22. Qg3 Rae8 23. Ra1 Qb6 24. Nb3 Bb7 25. Nd2 Re6 26. Rf2 Rfe8 27. Raf1 Rf8 28. Qe3 Nd7 29. Bg5 c4 30. Qf3 cxd3 31. cxd3 h6 32. Be3 Qc6 33. Nb3 Qc3 34. Na5 Qxa5 35. Qg4 Ne5 36. Qg3 Nxd3 37. Rd2 Bxe4 38. Rfd1 Qc3 39. Bg1 Nb2 0-1


[Site "https://www.chess.com"]

[Event "Titled Tuesday Blitz February 22 Late 2022"]
[White "Martinez Alcantara, Jose Eduardo"]
[Black "Terry, Renato"]
[WhiteFideId "3805662"]
[BlackFideId "3803457"]
[WhiteElo "2690"]
[BlackElo "2577"]
[Result "1-0"]
[Round "11"]
[TimeControl "180+1"]
[Date "2022.02.22"]
[WhiteClock "0:00:32"]
[BlackClock "0:00:01"]

1. c4 b6 2. Nc3 Bb7 3. d4 e6 4. a3 f5 5. d5 Nf6 6. g3 e5 7. Bg2 a5 8. e4 fxe4 9. Nxe4 Na6 10. Bg5 d6 11. Bxf6 gxf6 12. Qh5+ Ke7 13. f4 Qe8 14. Qe2 Bg7 15. Bh3 Qg6 16. Nf3 Qh5 17. Nh4 Qxe2+ 18. Kxe2 exf4 19. Be6 Rae8 20. gxf4 Kf8 21. f5 Nc5 22. Nxc5 dxc5 23. b4 cxb4 24. axb4 axb4 25. Ra7 Rb8 26. Nf3 Bh6 27. Rb1 Bf4 28. Rxb4 Bd6 29. Rb1 h5 30. Rg1 Bf4 31. Rg6 Ke7 32. Kd3 Rhf8 33. Ke4 Bd6 34. Rg7+ Ke8 35. h3 Rh8 36. Nd4 h4 37. Nb5 Kf8 38. Rf7+ 1-0


[Site "https://www.chess.com"]

[Event "Titled Tuesday Blitz February 22 Late 2022"]
[White "Martirosyan, Haik M."]
[Black "Holt, Conrad"]
[WhiteFideId "13306553"]
[BlackFideId "2034387"]
[WhiteElo "2735"]
[BlackElo "2586"]
[Result "1-0"]
[Round "11"]
[TimeControl "180+1"]
[Date "2022.02.22"]
[WhiteClock "0:00:49"]
[BlackClock "0:00:02"]

1. e4 e6 2. Qe2 c5 3. Nf3 Nc6 4. g3 g6 5. Bg2 Bg7 6. O-O Nge7 7. d3 O-O 8. h4 e5 9. h5 d5 10. hxg6 hxg6 11. exd5 Nxd5 12. Nc3 Bg4 13. Nxd5 Qxd5 14. Qe3 Qd7 15. Bd2 Rac8 16. Rfe1 Rfe8 17. Qg5 e4 18. dxe4 Bxb2 19. Rab1 Bg7 20. e5 b6 21. Bf4 Qf5 22. Qh4 Bxf3 23. Bxf3 Nd4 24. Bg4 Qxc2 25. Rbd1 Rcd8 26. Bg5 Rd5 27. Bf6 Qxa2 28. Kg2 Nf5 29. Bxf5 Rxd1 30. Rxd1 Bxf6 31. exf6 Qe2 32. Qh6 1-0


[Site "https://www.chess.com"]

[Event "Titled Tuesday Blitz February 22 Late 2022"]
[White "Mickiewicz, Piotr"]
[Black "Araujo Filho, Luiz Antonio Coel"]
[WhiteFideId "1114891"]
[BlackFideId "2130661"]
[WhiteElo "2266"]
[BlackElo "2227"]
[Result "1-0"]
[Round "11"]
[TimeControl "180+1"]
[Date "2022.02.23"]
[WhiteClock "0:00:17"]
[BlackClock "0:00:02"]

1. Nf3 f5 2. b3 Nf6 3. Bb2 g6 4. c4 Bg7 5. g3 O-O 6. Bg2 d6 7. O-O e5 8. d3 c6 9. Nbd2 Qe7 10. e4 f4 11. Re1 Nh5 12. d4 h6 13. c5 fxg3 14. hxg3 dxc5 15. dxe5 Bg4 16. Qc2 Nd7 17. Nh2 Be6 18. Nc4 Kh7 19. Rad1 Qg5 20. Qd2 Qxd2 21. Rxd2 b5 22. Rd6 Rae8 23. Na5 Nxe5 24. Bxe5 Bxe5 25. Rxc6 Bc3 26. Nf3 Bxa5 27. Rd1 c4 28. Nd4 Bg4 29. f3 Bd7 30. Rd6 Re7 31. Kh2 Bc7 32. Nf5 Bxd6 33. Nxe7 Bxe7 34. Rxd7 Rf7 35. bxc4 bxc4 36. f4 c3 37. e5 Rg7 38. Rc7 Bb4 39. Rc4 a5 40. Be4 Re7 41. a3 Bxa3 42. Rxc3 Bb4 43. Rc6 Ng7 44. Bxg6+ Kg8 45. Rc8+ Ne8 46. Bxe8 Kg7 47. Bc6 Ra7 48. Be4 a4 49. Rb8 Be7 50. Bd5 a3 51. Ba2 Rc7 52. Rg8+ Kh7 53. Re8 Rc2+ 54. Kh3 Rxa2 55. Rxe7+ Kg6 56. Ra7 1-0


[Site "https://www.chess.com"]

[Event "Titled Tuesday Blitz February 22 Late 2022"]
[White "Mikheev, Stanislav"]
[Black "Rustemov, Alexander"]
[WhiteFideId "4135920"]
[BlackFideId "4119002"]
[WhiteElo "2249"]
[BlackElo "2689"]
[Result "1-0"]
[Round "11"]
[TimeControl "180+1"]
[Date "2022.02.22"]
[WhiteClock "0:00:26"]
[BlackClock "0:00:01"]

1. d4 d5 2. c4 c6 3. Nf3 Nf6 4. Nc3 a6 5. a4 e6 6. Bg5 a5 7. e3 Be7 8. Bd3 Na6 9. Rc1 Nb4 10. Be2 O-O 11. O-O b6 12. Qb3 Bb7 13. Ne5 Nd7 14. Bxe7 Qxe7 15. f4 Nxe5 16. fxe5 c5 17. Nb5 f6 18. exf6 Rxf6 19. cxd5 exd5 20. Rxf6 Qxf6 21. dxc5 bxc5 22. Rxc5 Rf8 23. Bf3 Qe5 24. Qc3 Qf5 25. h3 d4 26. Rxf5 dxc3 27. Rxf8+ Kxf8 28. bxc3 Nc6 29. Nd6 Ba8 30. Nc4 Ke7 31. Nxa5 Nxa5 32. Bxa8 Nc4 33. Kf2 Nb6 34. Bc6 Kd6 35. Bb5 Kc5 36. c4 h6 37. Kf3 Nc8 38. a5 Nd6 39. a6 Kb6 40. c5+ Kxc5 41. a7 1-0


[Site "https://www.chess.com"]

[Event "Titled Tuesday Blitz February 22 Late 2022"]
[White "Mogranzini, Roberto"]
[Black "Loay, Sameer"]
[WhiteFideId "810894"]
[BlackFideId "8104239"]
[WhiteElo "2469"]
[BlackElo "2040"]
[Result "1-0"]
[Round "11"]
[TimeControl "180+1"]
[Date "2022.02.23"]
[WhiteClock "0:00:33"]
[BlackClock "0:00:01"]

1. e4 d6 2. d4 g6 3. Nc3 Bg7 4. Be3 a6 5. Qd2 b5 6. h4 h5 7. f3 Nd7 8. Nh3 Bb7 9. Ng5 Ngf6 10. a4 b4 11. Nd1 c5 12. c3 bxc3 13. bxc3 cxd4 14. cxd4 O-O 15. a5 Rc8 16. Be2 e5 17. d5 Nc5 18. Ra3 Nfd7 19. O-O Rb8 20. Nf2 Qe7 21. Nd3 Rfc8 22. Nxc5 Nxc5 23. Rc1 Bf6 24. Rac3 Qd8 25. Bxc5 dxc5 26. Rxc5 Rxc5 27. Rxc5 Be7 28. Rc2 Bc8 29. Kh2 Bb4 30. Qc1 Bxa5 31. Rc6 Bb7 32. Rc2 Bb6 33. Bc4 Qd6 34. Qb1 Bd4 35. Qc1 a5 36. Bb5 Bb6 37. Bc6 Ba6 38. Ba4 Kg7 39. Rc6 Qb4 40. Nxf7 Kxf7 41. Qg5 Rf8 42. Qxg6+ Ke7 43. Rxb6 Qd2 44. Qe6+ Kd8 45. Qd6+ Kc8 46. Rb8# 1-0


[Site "https://www.chess.com"]